 Dungeon Sprint DCSS version 0.31-a0-1002-g8e65716e6e (webtiles) character file.

Game seed: 10595930218467816574

14126 Majang the Fighter (level 12, -20/140 HPs)
             Began as an Ogre Shapeshifter on Nov 9, 2023.
             Was the Champion of Cheibriados.
             Demolished by a frost giant
             ... wielding a +3 battleaxe of freezing
              (30 damage)
             ... in the Dungeon (Sprint IX: "|||||||||||||||||||||||||||||").
             The game lasted 00:21:45 (2589 turns).

Majang the Fighter (Ogre Shapeshifter)              Turns: 2589, Time: 00:21:46

Health: -20/140    AC: 16    Str: 40    XL:     12   Next: 13%
Magic:  19/19      EV: 17    Int: 26    God:    Cheibriados [******]
Gold:   1512       SH:  0    Dex: 29    Spells: 11/11 levels left

rFire   . .          .
                       - Unarmed
rCold   + + +        (shield currently unavailable)
rNeg    . . .        A - +4 ice dragon scales
rPois   +            (helmet restricted)
rElec   +            (no cloak)
rCorr   +            (gloves unavailable)
SInv    .            (boots unavailable)
Will    +....        (no amulet)
Stlth   +            n - +3 ring of dexterity
HPRegen 0.43/turn    o - +3 ring of dexterity
MPRegen 0.16/turn

%: no teleportation
@: flux-form, resistant, glowing, very slow
A: glow, contaminating, large, unfitting armour, tough skin 1
a: Begin Untransformation, Renounce Religion, Bend Time, Temporal Distortion,
Slouch, Step From Time


You were in the Dungeon.
You worshipped Cheibriados.
Cheibriados was exalted by your worship.
You were something dangerously unstable.
You visited 1 branch You collected 1924 gold pieces.
You spent 412 gold pieces at shops.

Inventory:

Hand Weapons
 i - a +0 giant club
 k - a +0 club
 m - a +2 morningstar of protection
 y - a +1 great mace
 z - the +11 plutonium sword {Contam Stlth-}
   (You found it in the Dungeon)

   Contam:    It causes magical contamination when unequipped.
   Stlth-:    It makes you less stealthy.
Missiles
 v - 3 boomerangs (quivered)
Armour
 b - the +2 robe "Ruiwizav" {rPois Str+3}
   (You bought it in a shop in the Dungeon)

   Str+3:     It affects your strength (+3).
   rPois:     It protects you from poison
 u - a +0 cloak
 A - +4 ice dragon scales (worn)
 B - a +0 cloak of stealth
 C - a +2 ring mail
Jewellery
 a - a ring of protection from cold
 n - a +3 ring of dexterity (left hand)
 o - a +3 ring of dexterity (right hand)
 p - a ring of willpower
 w - a ring of poison resistance
 x - a ring of see invisible
Talismans
 c - a beast talisman
 d - a flux talisman (active)
Wands
 l - a wand of charming (12)
Scrolls
 g - 2 scrolls of amnesia
 j - 2 scrolls of blinking
 r - 2 scrolls of identify
 s - 2 scrolls of enchant weapon
 t - 2 scrolls of fog
 F - a scroll of fear
Potions
 e - 6 potions of curing
 h - 4 potions of magic
 q - a potion of resistance
 D - a potion of brilliance


   Skills:
 - Level 14.3 Fighting
 - Level 10.3 Maces & Flails
 + Level 4.9 Armour
 - Level 10.1 Dodging
 - Level 14.1 Unarmed Combat
 - Level 10.5 Invocations
 - Level 14.3 Shapeshifting


You had 11 spell levels left.
You didn't know any spells.
Your spell library was empty.

Dungeon Overview and Level Annotations

Branches:
Dungeon (1/1)

Altars:
Cheibriados
Dithmenos
Elyvilon
Fedhas
Gozag
Hepliaklqana
Kikubaaqudgha
Makhleb
Nemelex Xobeh
Okawaru
Qazlal
Ru
Sif Muna
Trog
Uskayaw
Vehumet
Wu Jian
Xom
Yredelemnul
Zin
The Shining One
Jiyva
Lugonu

Shops:
D *[:[

Annotations:
D Kirke


Innate Abilities, Weirdness & Mutations

You are something dangerously unstable.
You glow with magical radiation, making you easy to see and hit.
Foes you strike become dangerously contaminated with magical radiation.
You are incapable of wielding weapons or throwing items.
You are too large for most types of armour.
You have tough skin. (AC +1)


Message History

* * * LOW HITPOINT WARNING * * *
Unknown command.
You punch the frost giant!
The frost giant glows dangerously bright.
The frost giant is moderately wounded.
You hit the frost giant but do no damage.
The frost giant shudders as magic cascades through it!
The frost giant twists and deforms.
The frost giant is moderately wounded.
The frost giant hits you but does no damage.
You pummel the frost giant!!
The frost giant begins to glow.
The frost giant is heavily wounded.
The frost giant hits you with a +3 battleaxe of freezing!
* * * LOW HITPOINT WARNING * * *
Unknown command.
You hit the frost giant.
The frost giant glows dangerously bright.
The frost giant is heavily wounded.
The frost giant hits you with a +3 battleaxe of freezing!
* * * LOW HITPOINT WARNING * * *
The frost giant freezes you.
* * * LOW HITPOINT WARNING * * *
Okay, then.
As you read the scroll of fear, it crumbles to dust.
You assume a fearsome visage.
The frost giant looks frightened!
The manticore looks frightened!
You hit the frost giant.
The frost giant shudders as magic cascades through it!!!
The frost giant twists and deforms.
Your attack snaps the frost giant out of its fear.
The frost giant is almost dead.
You hit the frost giant.
The frost giant begins to glow.
The frost giant is almost dead.
Cornered, the manticore turns to fight!
Cornered, the frost giant turns to fight!
You hit the frost giant but do no damage.
The frost giant glows dangerously bright.
The frost giant is almost dead.
The frost giant hits you with a +3 battleaxe of freezing!!
You die...

▓.▓.▓)▓.▓∩▓.▓.▓.▓,*,*,*,*,*,*,
▓÷▓.▓.▓.▓)▓.▓Q▓.▓,*,*,*,*,*,*,
▓.▓.▓.▓.▓∩▓.▓y▓.▓,*,*,*,*,*,*,
▓.▓.▓.▓.▓.▓.▓u▓.▓,*,*,*,*,*,*+
▓[▓.▓.▓.▓∩▓.▓.▓.▓,*,*,*,*,*,*,
▓[▓.▓.▓.▓.▓.▓C▓.▓,*,*,*,*,*,*,
▓[▓.▓.▓.▓∩▓.▓H▓.▓,*,*,*,*,*,*,
▓.▓.▓.▓.▓.▓.▓C▓.▓+*,*,*,*,*,*,
▓)▓.▓.▓.▓.▓.▓p▓,*,*,*,*,*,*,*,
▓.▓.▓.▓.▓.▓.▓§▓,*,*,*,*,*,*,*,
▓.▓.▓†▓.▓.▓.▓+▓,*,*,*,*,*,*,*,
▓'▓.▓'▓.▓.▓.▓.▓,*,*,*,*,*,*,*,
▓_▓.▓†▓.▓)▓.▓.▓,*,*,*,*,*,*,*,
▓_▓.▓.▓.▓.▓.▓.▓,*,*,*,*,*,*,*,
▓_▓.▓.▓.▓)▓.▓.▓,*,*,*,*,*,*,*,
▓_▓.▓.▓.▓.▓.▓.▓,*,*,*,*,*,*,*,
▓_▓.▓.▓.▓.▓.▓B▓,*,*,*+*,*,*,*,


You could see a frost giant (heavy contam, misshapen) and a manticore.

Vanquished Creatures
  A stone giant (D)
  A hydra (D)
  A centaur warrior (D)
  An orc high priest (D)
  5 orc knights (D)
  2 orc sorcerers (D)
  An ugly thing (D)
  A manticore (D)
  A cyclops (D)
  3 black mambas (D)
  2 cane toads (D)
  2 rime drakes (D)
  2 efreet (D)
  A kobold demonologist (D)
  4 polar bears (D)
  2 yaks (D)
  3 shadows (D)
  4 wyverns (D)
  A basilisk (shapeshifter) (D)
  A vampire mosquito (D)
  3 water moccasins (D)
  11 orc warriors (D)
  4 black bears (D)
  An ogre (D)
  A phantom (D)
  2 bullfrogs (D)
  A scorpion (D)
  3 howler monkeys (D)
  3 orc priests (D)
  An iguana (D)
  4 orc wizards (D)
  A gnoll (D)
  11 orcs (D)
  An endoplasm (D)
  2 giant cockroaches (D)
  A goblin (D)
  A rat (D)
90 creatures vanquished.

Vanquished Creatures (others)
  2 orcs (D)
2 creatures vanquished.

Grand Total: 92 creatures vanquished

Notes
Turn   | Place    | Note
-------+----------+-------------------------------------------
     0 | D        | Majang the Ogre Shapeshifter began the quest for the Orb.
     0 | D        | Reached XP level 1. HP: 19/19 MP: 1/1
     9 | D        | Reached skill level 1 in Maces & Flails
    33 | D        | Noticed a scorpion
    33 | D        | Noticed an ogre
    33 | D        | Noticed a phantom
    33 | D        | Noticed an iguana
    37 | D        | Killed an iguana
    38 | D        | Reached XP level 2. HP: 31/31 MP: 2/2
    38 | D        | Reached XP level 3. HP: 37/37 MP: 3/3
    41 | D        | Killed a phantom
    42 | D        | Reached skill level 5 in Shapeshifting
    42 | D        | Reached XP level 4. HP: 49/49 MP: 4/4
    44 | D        | Killed an ogre
    45 | D        | Reached skill level 5 in Fighting
    45 | D        | Reached skill level 5 in Unarmed Combat
    45 | D        | Reached XP level 5. HP: 59/59 MP: 5/5
    47 | D        | Reached XP level 6. HP: 67/67 MP: 6/6
   117 | D        | Found a snail-covered altar of Cheibriados.
   117 | D        | Found a shadowy altar of Dithmenos.
   117 | D        | Found a white marble altar of Elyvilon.
   117 | D        | Found a blossoming altar of Fedhas.
   117 | D        | Found an opulent altar of Gozag.
   118 | D        | Found a hazy altar of Hepliaklqana.
   119 | D        | Found a viscous altar of Jiyva.
   120 | D        | Found an ancient bone altar of Kikubaaqudgha.
   121 | D        | Found a corrupted altar of Lugonu.
   122 | D        | Found a burning altar of Makhleb.
   123 | D        | Found a sparkling altar of Nemelex Xobeh.
   127 | D        | Became a worshipper of Cheibriados the Contemplative
   131 | D        | Found an iron altar of Okawaru.
   132 | D        | Found a stormy altar of Qazlal.
   133 | D        | Found a sacrificial altar of Ru.
   134 | D        | Found a shimmering blue altar of Sif Muna.
   135 | D        | Found a bloodstained altar of Trog.
   136 | D        | Found a hide-covered altar of Uskayaw.
   137 | D        | Found a radiant altar of Vehumet.
   138 | D        | Found an ornate altar of the Wu Jian Council.
   139 | D        | Found a shimmering altar of Xom.
   141 | D        | Found a basalt altar of Yredelemnul.
   142 | D        | Found a glowing silver altar of Zin.
   143 | D        | Found a glowing golden altar of the Shining One.
   181 | D        | Noticed a yak
   181 | D        | Noticed a shadow
   181 | D        | Noticed a shadow
   181 | D        | Noticed a shadow
   183 | D        | Killed a shadow
   183 | D        | Reached * piety under Cheibriados
   184 | D        | Reached skill level 5 in Maces & Flails
   184 | D        | Reached skill level 5 in Dodging
   184 | D        | Reached XP level 7. HP: 78/78 MP: 6/9
   196 | D        | Killed a shadow
   201 | D        | Killed a yak
   201 | D        | Reached ** piety under Cheibriados
   203 | D        | Killed a shadow
   204 | D        | Reached XP level 8. HP: 89/89 MP: 8/11
   278 | D        | Noticed a kobold demonologist
   278 | D        | Noticed a red ugly thing
   278 | D        | Noticed an efreet
   280 | D        | Reached *** piety under Cheibriados
   282 | D        | Killed an efreet
   282 | D        | Reached **** piety under Cheibriados
   283 | D        | Reached skill level 5 in Invocations
   288 | D        | Killed a kobold demonologist
   289 | D        | Reached XP level 9. HP: 46/101 MP: 11/13
   290 | D        | Killed a red ugly thing
   291 | D        | Reached skill level 10 in Fighting
   291 | D        | Reached skill level 10 in Shapeshifting
   639 | D        | Noticed a black mamba
   639 | D        | Noticed a black mamba
   639 | D        | Noticed a rime drake
   639 | D        | Noticed a cane toad
   644 | D        | Killed a cane toad
   645 | D        | Reached skill level 10 in Unarmed Combat
   646 | D        | Noticed a black mamba
   651 | D        | Killed a rime drake
   651 | D        | Reached ***** piety under Cheibriados
   654 | D        | Noticed a cane toad
   666 | D        | Killed a black mamba
   673 | D        | Killed a black mamba
   678 | D        | Reached ****** piety under Cheibriados
   679 | D        | Reached XP level 10. HP: 61/113 MP: 11/15
   679 | D        | Killed a black mamba
   703 | D        | Killed a cane toad
   818 | D        | Noticed a five-headed hydra
   833 | D        | Killed a five-headed hydra
  1056 | D        | Reached XP level 11. HP: 78/124 MP: 17/17
  1608 | D        | Noticed an orc knight
  1616 | D        | Killed an orc knight
  1631 | D        | Noticed an orc knight
  1647 | D        | Killed an orc knight
  1653 | D        | Noticed an orc knight
  1673 | D        | Killed an orc knight
  1935 | D        | Found Riucita's Antique Armour Boutique.
  1935 | D        | Noticed an orc knight
  1937 | D        | Noticed an orc knight
  1942 | D        | Noticed an orc high priest
  1947 | D        | Noticed an orc sorcerer
  1950 | D        | Killed an orc knight
  1956 | D        | Killed an orc knight
  1973 | D        | Killed an orc high priest
  1974 | D        | Reached skill level 10 in Invocations
  1978 | D        | Killed an orc sorcerer
  1979 | D        | Reached skill level 10 in Maces & Flails
  2276 | D        | Found Sebumiqe's Book Shop.
  2280 | D        | Found Cigimn's Antique Armour Boutique.
  2284 | D        | Found Fatiazoj's General Store.
  2288 | D        | Noticed an orc sorcerer
  2294 | D        | Killed an orc sorcerer
  2313 | D        | Bought an encrusted robe for 153 gold pieces
  2313 | D        | Identified the +2 robe "Ruiwizav" {rPois Str+3} (You bought
                  | it in a shop in the Dungeon)
  2387 | D        | Bought a scroll of identify for 26 gold pieces
  2387 | D        | Bought a scroll of revelation for 97 gold pieces
  2387 | D        | Bought a potion of curing for 39 gold pieces
  2387 | D        | Bought a scroll of enchant armour for 97 gold pieces
  2387 | D        | Noticed a rakshasa
  2387 | D        | Noticed an ettin
  2387 | D        | Noticed Kirke
  2387 | D        | Noticed a tengu warrior
  2387 | D        | Noticed a green ugly thing
  2387 | D        | Noticed a frost giant
  2387 | D        | Noticed an ettin
  2387 | D        | Noticed a stone giant
  2387 | D        | Noticed a manticore
  2387 | D        | Noticed a boulder beetle
  2387 | D        | Noticed a manticore
  2387 | D        | Noticed a centaur warrior
  2485 | D        | Found the +11 plutonium sword {Contam Stlth-}
  2543 | D        | Noticed a cyclops
  2549 | D        | Killed a cyclops
  2557 | D        | Killed a centaur warrior
  2558 | D        | Reached skill level 10 in Dodging
  2561 | D        | Reached XP level 12. HP: 81/140 MP: 19/19
  2576 | D        | Killed a stone giant
  2589 | D        | Demolished by a frost giant

Illustrated notes

Levels and vault maps discovered:
D:        linesprint [early_d, line_temple, items_1, d_10, items_2, lair_1,
          lair_end, items_3, orc_1, orc_end, items_4, d_15, swamp_1, shoals_1,
          snake_1, spider_1, d_20, vaults_1, items_5, swamp_end, shoals_end,
          snake_end, spider_end, vaults_end, d_27, items_6, zot_1, zot_end,
          crypt_end, forest_end, elf_end, slime_end, tomb_end, abyss_end,
          pan_hell_end]

Skill      XL: |  1  2  3  4  5  6  7  8  9 10 11 12 |
---------------+-------------------------------------+-----
Maces & Flails | 2 3 4 5 6 7 9 10 | 10.3
Dodging        | 2 3 4 5 6 7 8 10 | 10.1
Fighting       | 3 4 5 6 7 8 9 11 12 14 | 14.3
Unarmed Combat | 3 4 5 6 7 8 9 11 12 14 | 14.1
Shapeshifting  | 4 5 6 7 8 9 11 12 14 | 14.3
Invocations    | 2 4 5 7 8 10 | 10.5
Armour         | 4 |  4.9

Action                     |  1- 3 |  4- 6 |  7- 9 | 10-12 || total
---------------------------+-------+-------+-------+-------++-------
  Melee: Unarmed           |    21 |     6 |       |   230 ||   257
         Morningstar       |       |       |    50 |     9 ||    59
         Punch             |       |       |     4 |     3 ||     7
 Invoke: Bend Time         |       |       |     1 |       ||     1
  Evoke: Wand              |       |     2 |     7 |     2 ||    11
    Use: Potion            |     1 |       |     9 |     8 ||    18
         Scroll            |       |       |     1 |     7 ||     8
   Stab: Invisible         |       |       |     3 |     1 ||     4
 Armour: Animal skin       |     5 |     1 |    29 |    80 ||   115
         Skin              |       |       |    13 |       ||    13
         Ice dragon scales |       |       |       |    29 ||    29
  Dodge: Dodged            |     7 |     1 |    35 |   134 ||   177
   Form: Beast             |       |     1 |       |     1 ||     2
         Flux              |       |     1 |       |     1 ||     2
                           |       |     1 |       |       ||     1

Table legend: (Time is in decaauts)
 A = Elapsed time spent in this place.
 B = Non-inter-level travel time spent in this place.
 C = Inter-level travel time spent in this place.
 D = Time resting spent in this place.
 E = Time spent auto-exploring this place.
 F = Levels seen in this place.
 G = Mean time per level.
                   A        B        C        D        E       F      G
               +--------+--------+--------+--------+--------+-----+--------+
         Total |   3081 |   2911 |    170 |   1470 |      0 |   1 | 3081.0 |
       Dungeon |   3081 |   2911 |    170 |   1470 |      0 |   1 | 3081.0 |
               +--------+--------+--------+--------+--------+-----+--------+

Top non-repeatable levels by time:
       D: 3081 daAuts
